Map: Dusk Towers

Players

ZephyrBleu

  • Race: Protoss Protoss
  • League: Silver

lesha - Winner!

  • Race: Terran Terran
  • League: Silver

VOD

Have the link to the VOD?

Description

Time

  • Played on: Dec. 29, 2015, 9:53 a.m.
  • Length: 14:34
Show
View Real Time Build Order
Export as new Build Order

ZephyrBleu Protoss 

Build Orders: 1 Gate Expand 

Get SALT Encoding   

  12  0:02  Probe (Chrono Boost)  
  13  0:12  Probe (Chrono Boost)  
  14  0:29  Pylon  
  14  0:31  Probe (Chrono Boost)  
  15  0:48  Probe (Chrono Boost)  
  16  0:50  Gateway  
  16  0:52  Assimilator  
  16  0:58  Probe (Chrono Boost)  
  17  1:11  Probe (Chrono Boost)  
  18  1:21  Probe (Chrono Boost)  
  19  1:35  Probe (Chrono Boost), Nexus  
  20  1:45  Cybernetics Core  
  20  1:49  Probe (Chrono Boost)  
  21  1:59  Probe (Chrono Boost)  
  22  2:05  Assimilator  
  22  2:09  Pylon  
  22  2:10  Probe (Chrono Boost)  
  23  2:34  Probe (Chrono Boost)  
  24  2:38  Adept  
  24  2:45  Mothership Core (Chrono Boost)  
  23  3:22  Sentry, Probe (Chrono Boost)  
  23  3:26  Probe (Chrono Boost)  
  27  3:33  Probe (Chrono Boost)  
  28  3:37  Probe (Chrono Boost)  
  29  3:42  Robotics Facility  
  29  3:46  Pylon  
  29  3:49  Stalker  
  31  4:00  Probe x2 (Chrono Boost)  
  33  4:10  Probe (Chrono Boost)  
  33  4:11  Probe (Chrono Boost)  
  33  4:14  Warp Gate  
  35  4:24  Forge  
  35  4:30  Pylon  
  35  4:31  Immortal  
  39  4:35  Probe (Chrono Boost)  
  40  4:40  Probe (Chrono Boost)  
  42  4:45  Probe (Chrono Boost)  
  42  4:51  Probe (Chrono Boost)  
  43  4:53  Assimilator  
  43  4:56  Probe (Chrono Boost)  
  43  4:58  Protoss Ground Weapons Level 1, Assimilator  
  44  5:01  Probe (Chrono Boost)  
  45  5:10  Observer, Robotics Bay  
  46  5:22  Probe x2 (Chrono Boost), Twilight Council  
  48  5:32  Probe (Chrono Boost)  
  48  5:33  Probe (Chrono Boost)  
  50  5:36  Gateway  
  50  5:38  Gateway  
  50  5:43  Probe (Chrono Boost)  
  50  5:45  Gateway  
  50  5:47  Pylon  
  52  5:50  Probe (Chrono Boost), Pylon  
  52  5:53  Probe (Chrono Boost)  
  53  5:58  Disruptor  
  56  6:10  Resonating Glaives  
  56  6:12  Probe x2 (Chrono Boost)  
  58  6:23  Probe x2 (Chrono Boost)  
  60  6:33  Probe (Chrono Boost)  
  61  6:43  Adept  
  61  6:44  Adept x2  
  61  6:46  Stalker, Forge  
  69  6:51  Disruptor  
  72  7:00  Robotics Facility  
  72  7:03  Pylon  
  72  7:05  Probe x2 (Chrono Boost)  
  74  7:08  Pylon  
  74  7:10  Pylon  
  74  7:20  Zealot  
  74  7:21  Zealot  
  75  7:22  Adept  
  75  7:23  Adept  
  67  7:59  Pylon  
  67  8:01  Pylon  
  67  8:03  Probe (Chrono Boost)  
  68  8:06  Probe (Chrono Boost)  
  68  8:12  Protoss Ground Weapons Level 2 (Chrono Boost)  
  69  8:13  Probe (Chrono Boost)  
  69  8:14  Protoss Ground Armor Level 1 (Chrono Boost)  
  69  8:16  Probe  
  69  8:17  Disruptor x2  
  77  8:21  Adept x2  
  77  8:23  Zealot  
  77  8:25  Probe  
  84  8:28  Probe  
  85  8:52  Nexus  
  85  8:54  Observer  
  86  8:58  Pylon  
  86  9:02  Pylon  
  80  9:22  Adept x3  
  66  9:52  Adept x3  
  61  10:07  Disruptor  
  61  10:11  Observer  
  65  10:24  Pylon  
  65  10:25  Assimilator  
  65  10:32  Probe  
  65  10:33  Probe  
  67  10:37  Probe  
  68  10:44  Probe  
  68  10:47  Protoss Ground Armor Level 2 (Chrono Boost)  
  69  10:51  Adept  
  71  11:03  Stalker x2  
  75  11:16  Disruptor  
  78  11:33  Disruptor  
  78  11:37  Adept x2  
  78  11:38  Adept  
  78  11:39  Zealot  
  89  11:44  Probe  
  89  11:46  Gateway  
  90  11:52  Immortal  
  94  11:56  Protoss Ground Weapons Level 3 (Chrono Boost)  
  94  11:58  Blink  
  94  12:04  Probe x2  
  94  12:07  Assimilator  
  96  12:15  Probe  
  96  12:16  Probe x2  
  95  12:25  Probe  
  55  12:38  Adept  
  55  12:39  Adept x3  
  45  13:13  Zealot  
  45  13:14  Zealot x3  
  41  13:43  Adept  
  41  13:44  Adept x2  
  41  14:05  Stalker  
  39  14:20  Zealot  
Show
View Real Time Build Order
Export as new Build Order

lesha Terran - Winner!

Build Orders: Reaper Expand 

Get SALT Encoding   

  12  0:02  SCV  
  14  0:14  SCV  
  14  0:18  Supply Depot  
  14  0:26  SCV  
  15  0:40  SCV  
  16  0:43  Barracks  
  16  0:51  Refinery  
  16  0:52  SCV  
  17  1:04  SCV  
  18  1:16  SCV  
  19  1:30  Orbital Command  
  19  1:34  Reaper  
  20  1:44  Command Center  
  20  1:55  Supply Depot  
  20  1:56  SCV  
  21  2:08  SCV  
  22  2:20  Barracks Reactor  
  22  2:34  SCV  
  23  2:46  SCV  
  24  2:58  SCV  
  25  3:16  SCV  
  25  3:17  Orbital Command  
  26  3:27  Factory  
  26  3:28  Barracks  
  26  3:32  Barracks  
  26  3:34  Refinery, Barracks  
  26  3:35  Marine x2  
  28  3:47  Supply Depot  
  28  3:48  Supply Depot x2  
  28  3:53  Marine x2  
  28  3:54  Engineering Bay  
  30  3:55  Engineering Bay  
  30  3:58  SCV  
  30  4:01  SCV  
  32  4:12  Factory Reactor  
  32  4:18  Starport  
  32  4:20  Barracks Reactor, Barracks Tech Lab  
  32  4:25  Barracks Reactor  
  32  4:28  Marine  
  32  4:29  Marine  
  34  4:40  SCV x2  
  34  4:43  Marine  
  37  4:46  Marine  
  37  4:49  Missile Turret  
  37  4:52  SCV x2  
  40  4:58  Missile Turret  
  40  5:00  Marine  
  40  5:01  Marine x2  
  40  5:04  SCV x2, Starport Reactor  
  45  5:09  Stimpack  
  45  5:16  SCV x2  
  45  5:18  Terran Infantry Weapons Level 1  
  45  5:19  Marine  
  45  5:21  Marine  
  49  5:23  Marine  
  50  5:32  SCV x2  
  50  5:34  Marine x3  
  55  5:40  Medivac  
  55  5:41  Medivac  
  55  5:42  Marine  
  60  5:44  SCV x2  
  62  5:54  Supply Depot, Marine  
  62  5:55  Supply Depot, Marine  
  62  5:56  SCV x2  
  66  5:57  Marine  
  66  5:58  Marine  
  66  6:00  Marine  
  69  6:15  SCV x2  
  71  6:27  SCV x2  
  73  6:33  Marine x3  
  73  6:34  Marine x2  
  73  6:35  Medivac x2  
  73  6:36  Marine x2  
  84  6:40  SCV x2  
  84  6:42  Terran Infantry Armor Level 1  
  86  6:49  Refinery  
  86  6:51  Refinery  
  86  6:57  Marine x3  
  86  6:58  SCV x2, Marauder  
  86  6:59  Supply Depot  
  86  7:00  Supply Depot  
  93  7:01  Marine x2  
  93  7:02  Marine  
  93  7:03  Supply Depot  
  95  7:15  Marine x3  
  95  7:19  Marine x4  
  102  7:33  Marine  
  101  7:42  Marine x5  
  101  7:43  Marine  
  107  7:48  Medivac x2  
  107  7:51  Marine  
  111  7:56  Command Center  
  112  8:00  Marine  
  112  8:01  Marauder  
  112  8:02  Armory  
  115  8:07  SCV, Barracks  
  115  8:08  SCV  
  115  8:12  Marine x3  
  120  8:13  Barracks  
  120  8:22  Marauder  
  122  8:28  Marine x3  
  122  8:30  Marine  
  126  8:38  Supply Depot  
  126  8:40  Supply Depot  
  126  8:52  SCV, Medivac, Marine x3  
  126  8:53  Marauder  
  126  8:54  SCV, Marine x3  
  126  8:55  Terran Infantry Weapons Level 2  
  138  9:06  SCV  
  139  9:10  Marine x2  
  105  9:49  Marine x7  
  109  10:06  Marine  
  109  10:07  Marine x6  
  116  10:17  Barracks Reactor  
  116  10:18  Barracks Reactor  
  116  10:19  Medivac x2  
  120  10:23  SCV x2  
  120  10:24  Marine x2  
  120  10:25  Marine x5  
  129  10:35  SCV x2  
  131  10:42  Marine x4, Orbital Command  
  132  10:43  Marine x3  
  132  10:49  Medivac x2  
  142  11:00  Marine x2  
  142  11:01  Marauder  
  142  11:02  Terran Infantry Armor Level 2  
  146  11:15  Refinery, Marine x2  
  146  11:16  Marine x4  
  146  11:17  Refinery  
  152  11:19  Command Center  
  152  11:23  Marauder  
  154  11:32  Marine x4  
  157  11:33  Command Center, Marine x3  
  161  11:40  SCV x3  
  161  11:43  Marine x4  
  161  11:44  Medivac  
  161  11:45  Medivac  
  172  11:50  Marine  
  172  11:52  SCV x3  
  176  12:02  Marauder  
  176  12:04  SCV  
  175  12:23  Marauder  
  150  12:48  Marine x5  
  150  12:51  Marine x6  
  156  12:54  Medivac x2  
  141  13:10  Marauder  
  126  13:19  Marine  
  124  13:23  Marine x2  
  124  13:24  Marine x7, Medivac x2  
  136  13:31  Marauder  
  138  13:37  Marine  
  127  13:41  Marine x3  
  127  13:42  Marine x4  
  127  13:46  Marine  
  127  13:47  Marine  
  136  13:53  Marauder  
  136  13:55  Marine  
  137  14:15  Marine x5  
  137  14:16  Marine x2  
Tags
 
Add a new tag
Caveats
  • Supply blocks, unpowered buildings, or Contaminate may cause inaccurate times.
  • Supply counts are checked every 10 seconds.